 Dungeon Sprint DCSS version 0.29-a0-284-gf9362112df (webtiles) character file.

Game seed: 13295398040062489437

322 mhtbhm the Slinger (level 6, -15/63 HPs)
             Began as a Minotaur Hunter on Mar 27, 2022.
             Demolished by a shadow (18 damage)
             ... in the Dungeon (Sprint III: "The Ten Rune Challenge").
             The game lasted 00:02:22 (1176 turns).

mhtbhm the Slinger (Minotaur Hunter)                Turns: 1176, Time: 00:02:23

Health: -15/63     AC:  6    Str: 18    XL:     6   Next: 22%
Magic:  5/5        EV: 13    Int:  6    God:
Gold:   32         SH:  0    Dex: 13    Spells: 5/5 levels left

rFire   . . .      SeeInvis .   a - +1 hunting sling
rCold   . . .      Faith    .   (no shield)
rNeg    . . .      Spirit   .   b - +2 robe {Will+}
rPois   .          Reflect  .   (helmet restricted)
rElec   .          Harm     .   (no cloak)
rCorr   .          Rampage  .   (no gloves)
Will    +....      NoTele   +   (no boots)
Stlth   ++........              (no amulet)
HPRegen 0.20/turn               (no ring)
MPRegen 0.09/turn               (no ring)

@: no status effects
A: horns 2, retaliatory headbutt, iridescent scales 1, robust 1
a: no special abilities


You were in the Dungeon.
You visited 1 branch You collected 32 gold pieces.

Inventory:

Hand Weapons
 a - a +1 hunting sling (weapon)
 j - a +0 dagger
Armour
 b - a +2 robe of willpower (worn)
Wands
 e - a wand of acid (10)
Scrolls
 c - 2 scrolls of immolation
 h - a scroll of torment {unknown}
 k - 2 scrolls of identify {unknown}
Potions
 d - a potion of mutation
 g - 2 potions of magic
 l - 2 potions of flight
 n - a potion of cancellation {unknown}


   Skills:
 + Level 6.6 Fighting
 + Level 2.0 Short Blades
 + Level 12.7 Slings
 + Level 4.0 Armour
 + Level 3.8 Dodging
 + Level 1.0 Stealth


You had 5 spell levels left.
You didn't know any spells.
Your spell library contained the following spells:

 Spells                   Type           Power      Damage    Failure   Level
 Pain                     Necr           0%         1d4       45%         1
 Sublimation of Blood     Necr           0%         N/A       58%         2
 Wereblood                Tmut           0%         N/A       58%         2
 Agony                    Necr           0%         N/A       100%        5
 Excruciating Wounds      Necr           0%         N/A       100%        5
 Summon Hydra             Summ           0%         N/A       100%        7


Dungeon Overview and Level Annotations

Branches:
Dungeon (1/1)

Altars:
Dithmenos
Kikubaaqudgha
Ru
Sif Muna
Vehumet
Yredelemnul


Innate Abilities, Weirdness & Mutations

You have a pair of horns on your head.
You reflexively headbutt those who attack you in melee.
You are partially covered in iridescent scales. (AC +2)
You are robust. (+10% HP)


Message History

Press: ? - help, Q - select action, (/) - cycle Shift-Dir - straight line, f/p - shadow
Aim: a shadow (66% to hit)
You shoot a sling bullet.
The sling bullet hits the shadow but does no damage.
Unknown command.
Fire: a) +1 hunting sling
Press: ? - help, Q - select action, (/) - cycle Shift-Dir - straight line, f/p - shadow
Aim: a shadow (66% to hit)
You shoot a sling bullet.
The sling bullet closely misses the shadow.
Unknown command.
Fire: a) +1 hunting sling
Press: ? - help, Q - select action, (/) - cycle Shift-Dir - straight line, f - you
Okay, then.
You start resting.
A shadow is nearby!
Fire: a) +1 hunting sling
Press: ? - help, Q - select action, (/) - cycle Shift-Dir - straight line, f/p - shadow
Aim: a shadow (66% to hit)
You shoot a sling bullet.
The sling bullet barely misses the shadow.
Unknown command.
Fire: a) +1 hunting sling
Press: ? - help, Q - select action, (/) - cycle Shift-Dir - straight line, f - you
Okay, then.
You start resting.
A shadow is nearby!
Fire: a) +1 hunting sling
Press: ? - help, Q - select action, (/) - cycle Shift-Dir - straight line, f/p - shadow
Aim: a shadow (66% to hit)
You shoot a sling bullet.
The sling bullet hits the shadow but does no damage.
The shadow slips into darkness.
The shadow flickers and vanishes!
Deactivating autopickup; reactivate with Ctrl-A.
Unknown command.
Aiming: Corrosive Bolt
Press: ? - help, Shift-Dir - straight line The shadow strikes at you from the darkness!
You die...

▓▓▓▓▓▓▓▓▓ ▓▓▓ ▓<..#...####
##.# #### ▓...#......#####..#
#__# ▓..##.[.....#.@#..# #._#
▓##.##.##...#..#..###+#+###[##
##.##.###..##'#..#..........#
▓#.####.##..###...'.⌠........#
▓.###..##..####...#...######'#
▓#.....##..###....#.⌠.# #...#
###..##...##.....#...# #...#
##†.##....#......#)### #...#
#..###..##.#.....#...# #...+


There were no monsters in sight!

Vanquished Creatures
  A water elemental (D)
  A necrophage (D)
  A scorpion (D)
  A jelly (D)
  Jessica (D)
  A wizard (D)
  A necromancer (D)
  A kobold demonologist (D)
  A human (D)
  2 rats (D)
11 creatures vanquished.

Notes
Turn   | Place    | Note
-------+----------+-------------------------------------------
     0 | D        | mhtbhm the Minotaur Hunter began the quest for the Orb.
     0 | D        | Reached XP level 1. HP: 18/18 MP: 0/0
    52 | D        | Reached skill level 5 in Slings
    65 | D        | Noticed Jessica
    71 | D        | Killed Jessica
    72 | D        | Reached skill level 7 in Slings
    72 | D        | Reached XP level 2. HP: 23/26 MP: 1/1
   137 | D        | Reached skill level 8 in Slings
   137 | D        | Reached XP level 3. HP: 31/31 MP: 2/2
   229 | D        | Noticed a scorpion
   242 | D        | Killed a scorpion
   243 | D        | Reached skill level 9 in Slings
   243 | D        | Reached skill level 1 in Armour
   243 | D        | Reached XP level 4. HP: 22/41 MP: 3/3
   387 | D        | Gained mutation: Armour fits poorly on your strangely
                  | shaped body. [potion of mutation]
   387 | D        | Gained mutation: You are strong-willed. (Will+) [potion of
                  | mutation]
   388 | D        | Lost mutation: You are strong-willed. (Will+) [potion of
                  | mutation]
   388 | D        | Lost mutation: Armour fits poorly on your strangely shaped
                  | body. [potion of mutation]
   388 | D        | Gained mutation: You are partially covered in iridescent
                  | scales. (AC +2) [potion of mutation]
   388 | D        | Gained mutation: You are robust. (+10% HP) [potion of
                  | mutation]
   414 | D        | Noticed a water elemental
   456 | D        | Killed a water elemental
   457 | D        | Reached skill level 5 in Fighting
   457 | D        | Reached skill level 1 in Short Blades
   457 | D        | Reached skill level 11 in Slings
   457 | D        | Reached XP level 5. HP: 29/52 MP: 4/4
   605 | D        | Found a radiant altar of Vehumet.
   605 | D        | Found a shimmering blue altar of Sif Muna.
   605 | D        | Found an ancient bone altar of Kikubaaqudgha.
   615 | D        | Noticed a chaos spawn
   721 | D        | Found a basalt altar of Yredelemnul.
   721 | D        | Found a shadowy altar of Dithmenos.
   721 | D        | Found a sacrificial altar of Ru.
   728 | D        | Reached skill level 12 in Slings
   728 | D        | Reached XP level 6. HP: 33/62 MP: 5/5
  1058 | D        | Reached skill level 1 in Stealth
  1141 | D        | Noticed a shadow
  1165 | D        | HP: 1/63 [something (8)]
  1176 | D        | Demolished by a shadow

Illustrated notes

Levels and vault maps discovered:
D:        dungeon_sprint_mu [sprint_mu_entry_cave, sprint_mu_temple_rooms,
          sprint_mu_d1_horrors, sprint_mu_d2_genie, sprint_mu_d3_branching,
          sprint_mu_orc_legion, sprint_mu_elf_gauntlet, sprint_mu_hive_nellie,
          sprint_mu_lair_fedhas, sprint_mu_vaults_butterflies,
          sprint_mu_slime_circle, sprint_mu_shoals_archi,
          sprint_mu_snake_twists, sprint_mu_blade_basic,
          sprint_mu_crypt_chambers, sprint_mu_tomb_spiral,
          sprint_mu_vestibule_basic, sprint_mu_gehenna_hellfire,
          sprint_mu_dis_giant, sprint_mu_tartarus_statrot,
          sprint_mu_cocytus_islands, sprint_mu_zot1]

Skill      XL: |  1  2  3  4  5  6 |
---------------+-------------------+-----
Slings         | 7 8 9 11 12 | 12.7
Fighting       | 3 4 5 6 |  6.6
Armour         | 1 2 3 4 |  4.0
Dodging        | 3 |  3.8
Short Blades   | 1 2 |  2.0
Stealth        | 1 |  1.0

Action                   |  1- 3 |  4- 6 || total
-------------------------+-------+-------++-------
Melee: Dagger            |     5 |    13 ||    18
 Fire: Hunting sling     |    26 |    54 ||    80
Evoke: Wand              |       |     1 ||     1
  Use: Potion            |     2 |     5 ||     7
       Scroll            |       |     1 ||     1
Armor: Leather armour    |     1 |     7 ||     8
       Robe              |       |     1 ||     1
Dodge: Dodged            |    13 |    12 ||    25

Table legend: (Time is in decaauts)
 A = Elapsed time spent in this place.
 B = Non-inter-level travel time spent in this place.
 C = Inter-level travel time spent in this place.
 D = Time resting spent in this place.
 E = Time spent auto-exploring this place.
 F = Levels seen in this place.
 G = Mean time per level.
                   A        B        C        D        E       F      G
               +--------+--------+--------+--------+--------+-----+--------+
         Total |   1166 |   1166 |      0 |    848 |     53 |   1 | 1166.0 |
       Dungeon |   1166 |   1166 |      0 |    848 |     53 |   1 | 1166.0 |
               +--------+--------+--------+--------+--------+-----+--------+

Top non-repeatable levels by time:
       D: 1166 daAuts
